Map: Brückenkopf LE (Void)

Players

Zodiak - Winner!

  • Race: Protoss Protoss
  • League: Grandmaster

아르타니스

  • Race: Protoss Protoss
  • League: Grandmaster

VOD

Have the link to the VOD?

Description

Time

  • Played on: Sept. 18, 2015, 12:42 p.m.
  • Length: 10:04
Show
View Real Time Build Order
Export as new Build Order

Zodiak Protoss - Winner!

Build Orders:  

Get SALT Encoding   

  12  0:00  Probe (Chrono Boost)  
  13  0:10  Probe (Chrono Boost)  
  14  0:18  Pylon  
  14  0:22  Probe (Chrono Boost)  
  15  0:36  Probe (Chrono Boost)  
  15  0:40  Gateway  
  16  0:46  Probe (Chrono Boost)  
  16  0:49  Assimilator  
  17  0:56  Probe (Chrono Boost)  
  18  1:07  Gateway, Probe (Chrono Boost)  
  19  1:17  Probe (Chrono Boost), Assimilator  
  20  1:27  Probe (Chrono Boost)  
  20  1:32  Cybernetics Core  
  21  1:38  Probe (Chrono Boost)  
  22  1:48  Probe (Chrono Boost)  
  22  1:52  Pylon  
  23  2:09  Warp Gate (Chrono Boost)  
  23  2:10  Adept x2  
  27  2:27  Nexus  
  27  2:31  Probe  
  28  2:43  Probe  
  29  2:52  Pylon  
  29  2:55  Probe  
  29  2:56  Twilight Council  
  30  3:07  Probe  
  32  3:20  Probe  
  28  3:29  Adept x2  
  28  3:32  Probe  
  33  3:44  Probe  
  34  3:49  Gateway  
  34  3:50  Gateway  
  34  3:54  Pylon  
  34  3:56  Probe  
  34  3:58  Probe  
  36  4:05  Shield Upgrade (Chrono Boost)  
  36  4:08  Probe x2  
  37  4:11  Forge  
  38  4:20  Probe x2  
  38  4:22  Robotics Facility  
  40  4:30  Probe  
  40  4:32  Probe, Protoss Ground Weapons Level 1 (Chrono Boost)  
  40  4:33  Adept x2  
  46  4:59  Gateway  
  46  5:02  Gateway, Pylon  
  46  5:04  Gateway  
  46  5:09  Warp Prism (Chrono Boost)  
  46  5:13  Adept x2  
  52  5:14  Adept  
  52  5:15  Blink  
  54  5:42  Immortal (Chrono Boost)  
  54  5:49  Pylon  
  58  5:52  Pylon  
  58  5:54  Pylon  
  58  6:14  Immortal (Chrono Boost)  
  62  6:21  Adept x3  
  62  6:22  Adept x4  
  76  6:45  Adept x3  
  76  6:46  Immortal (Chrono Boost), Adept  
  76  6:47  Adept  
  90  7:04  Stalker  
  90  7:05  Stalker  
  94  7:15  Stalker x2  
  92  7:18  Stalker  
  92  7:30  Immortal (Chrono Boost)  
  92  7:33  Pylon  
  92  7:34  Protoss Ground Weapons Level 2  
  92  7:36  Pylon  
  90  7:37  Pylon  
  90  7:39  Pylon, Assimilator  
  90  7:40  Stalker x2  
  90  7:41  Stalker, Assimilator  
  94  7:44  Pylon  
  94  7:46  Pylon  
  88  8:02  Probe x2  
  76  8:14  Probe  
  75  8:23  Stalker x2  
  75  8:24  Stalker x2  
  75  8:25  Stalker  
  75  8:52  Stalker  
  75  8:53  Stalker x4  
  75  8:55  Stalker  
  65  9:23  Stalker x3  
  71  9:27  Stalker  
  71  9:28  Stalker  
  75  9:32  Stalker x2  
  69  9:51  Stalker x3  
  69  9:52  Stalker  
Show
View Real Time Build Order
Export as new Build Order

아르타니스 Protoss 

Build Orders: Nexus First 

Get SALT Encoding   

  12  0:00  Probe (Chrono Boost)  
  13  0:10  Probe (Chrono Boost)  
  14  0:20  Probe (Chrono Boost)  
  15  0:23  Pylon  
  15  0:41  Probe (Chrono Boost)  
  16  0:50  Probe (Chrono Boost)  
  17  1:00  Nexus  
  17  1:02  Probe (Chrono Boost)  
  18  1:12  Probe (Chrono Boost)  
  18  1:16  Gateway  
  19  1:22  Probe (Chrono Boost)  
  20  1:28  Assimilator  
  20  1:32  Probe (Chrono Boost), Assimilator  
  21  1:42  Probe (Chrono Boost)  
  21  1:46  Pylon  
  22  1:52  Probe (Chrono Boost)  
  23  2:03  Probe (Chrono Boost)  
  24  2:09  Pylon  
  24  2:12  Probe (Chrono Boost)  
  24  2:13  Probe (Chrono Boost)  
  26  2:19  Cybernetics Core  
  26  2:22  Probe (Chrono Boost)  
  27  2:25  Pylon  
  27  2:40  Forge  
  27  2:41  Probe (Chrono Boost)  
  27  2:49  Probe (Chrono Boost)  
  28  2:58  Mothership Core (Chrono Boost)  
  30  2:59  Probe (Chrono Boost)  
  31  3:07  Pylon  
  31  3:08  Stalker  
  31  3:09  Probe (Chrono Boost)  
  31  3:10  Warp Gate  
  29  3:28  Probe (Chrono Boost)  
  29  3:29  Probe (Chrono Boost)  
  31  3:35  Photon Cannon  
  31  3:38  Probe x2 (Chrono Boost)  
  33  3:46  Assimilator  
  33  3:48  Probe x2 (Chrono Boost)  
  33  3:49  Assimilator  
  35  3:57  Pylon  
  35  3:58  Probe x2 (Chrono Boost)  
  37  4:06  Photon Cannon  
  37  4:08  Probe (Chrono Boost)  
  38  4:15  Probe (Chrono Boost)  
  39  4:19  Probe (Chrono Boost), Robotics Facility  
  40  4:25  Probe (Chrono Boost)  
  40  4:28  Probe (Chrono Boost)  
  40  4:30  Photon Cannon  
  42  4:35  Probe (Chrono Boost)  
  43  4:38  Probe (Chrono Boost)  
  43  4:43  Pylon  
  43  4:45  Probe (Chrono Boost)  
  45  4:46  Pylon  
  45  4:48  Probe (Chrono Boost)  
  45  4:51  Stalker  
  48  4:59  Probe x2 (Chrono Boost)  
  48  5:01  Stargate  
  48  5:06  Stargate  
  50  5:09  Observer  
  50  5:13  Stargate  
  51  5:20  Probe x2 (Chrono Boost), Protoss Air Weapons Level 1  
  53  5:30  Probe x2 (Chrono Boost)  
  53  5:35  Warp Prism  
  57  5:42  Stargate  
  57  5:48  Nexus  
  57  5:53  Assimilator  
  57  5:54  Assimilator  
  57  6:00  Void Ray  
  61  6:08  Void Ray  
  65  6:20  Void Ray  
  69  6:27  Void Ray  
  73  6:33  Probe (Chrono Boost)  
  73  6:34  Probe (Chrono Boost)  
  75  6:43  Probe x2 (Chrono Boost)  
  77  6:47  Void Ray  
  81  7:00  Void Ray  
  71  7:15  Void Ray  
  58  7:41  Void Ray  
  40  8:19  Probe (Chrono Boost)  
  41  8:29  Probe (Chrono Boost)  
  41  8:33  Probe (Chrono Boost)  
  43  8:39  Probe (Chrono Boost)  
  44  8:43  Mothership Core (Chrono Boost)  
  45  8:50  Void Ray  
  48  9:05  Probe (Chrono Boost)  
  49  9:15  Probe (Chrono Boost)  
  50  9:20  Probe (Chrono Boost)  
  51  9:24  Probe (Chrono Boost)  
  51  9:30  Probe (Chrono Boost)  
  53  9:33  Pylon  
  53  9:34  Probe (Chrono Boost)  
  53  9:35  Pylon  
  58  9:40  Probe (Chrono Boost)  
  58  9:44  Probe (Chrono Boost)  
  56  9:50  Probe (Chrono Boost)  
Tags
 
Add a new tag
Caveats
  • Supply blocks, unpowered buildings, or Contaminate may cause inaccurate times.
  • Supply counts are checked every 10 seconds.